 Dungeon Crawl Stone Soup version 0.23-a0-767-gdc19b93d68 (webtiles) character file.

102 Toshax the Poker (level 4, -3/52 HPs)
             Began as a Merfolk Gladiator on Jan 23, 2019.
             Killed by divine providence
             ... invoked by an orc priest
              (10 damage)
             ... on level 2 of the Dungeon.
             The game lasted 00:04:54 (1853 turns).

Toshax the Poker (Merfolk Gladiator)                Turns: 1853, Time: 00:04:55

Health: -3/52      AC: 22    Str: 15    XL:     4   Next: 78%
Magic:  4/4        EV:  2    Int:  7    God:
Gold:   65         SH:  0    Dex: 15    Spells: 3/3 levels left

rFire    . . .     SeeInvis .   b - +1 dagger (venom)
rCold    . . .     Gourm    .   (no shield)
rNeg     + + +     Faith    .   (armour currently unavailable)
rPois    +         Spirit   .   (helmet currently unavailable)
rElec    .         Reflect  .   (cloak currently unavailable)
rCorr    .         Harm     .   (gloves currently unavailable)
MR       .....     NoTele   +   (boots currently unavailable)
Stlth    ++........             (no amulet)
HPRegen  0.17/turn              (no ring)
MPRegen  0.09/turn              (no ring)

@: tree-form
A: (change form in water), (swift swim), (stealthy swim)
a: no special abilities


You were on level 2 of the Dungeon.
You were not hungry.
You were a tree.
You visited 1 branch of the dungeon, and saw 2 of its levels.

You collected 65 gold pieces.

Inventory:

Hand Weapons
 a - a +0 trident
 b - a +1 dagger of venom (weapon)
Missiles
 d - 3 throwing nets
 g - 49 stones (quivered)
 h - 45 sling bullets
Armour
 c - a +0 helmet (melded)
 e - a +0 leather armour (melded)
Scrolls
 j - 2 scrolls of remove curse {unknown}
 k - a scroll of fear {unknown}
 m - 3 scrolls of identify {unknown}
 r - a scroll of teleportation {unknown}
 u - a scroll of enchant armour {unknown}
Potions
 l - a potion of curing
 n - 3 potions of lignification
 o - a potion of heal wounds {unknown}
 p - a potion of mutation {unknown}
 q - a potion of haste {unknown}
 s - a potion of ambrosia {unknown}
 t - a potion of brilliance {unknown}
Comestibles
 f - 4 rations
 i - a chunk of flesh


   Skills:
 + Level 3.0 Fighting
 * Level 5.8 Polearms
 + Level 2.6 Throwing
 + Level 4.6 Dodging
 + Level 1.5 Stealth


You had 3 spell levels left.
You didn't know any spells.
Your spell library was empty.

Dungeon Overview and Level Annotations

Branches:
Dungeon (2/15)

Altars:
Fedhas
Nemelex Xobeh
Qazlal
Uskayaw


Message History

The orc wizard points at you and mumbles some strange words.
The magic dart hits you!
The orc priest hits you but does no damage.
You completely miss the orc priest.
The orc priest is severely wounded.
The orc wizard hits you but does no damage.
The orc priest hits you but does no damage.
The orc wizard gestures wildly while chanting.
The orc wizard blinks!
You hit the orc priest.
The orc priest is almost dead.
The orc priest hits you but does no damage.
You hit the orc priest.
The orc priest is lightly wounded.
The orc priest hits you but does no damage. x2
You hit the orc priest.
The orc priest is poisoned.
The orc priest is heavily wounded.
The orc priest invokes the aid of Beogh against you.
Beogh smites you!
You die...

#..####
#.#............#
#.....#
#......##.#.####
#.###.# #.#...###.#.#
#.###.###.##..###.#.#
#.................#.#
############..#####.#
#..# #.# #oo#####.#
#.o♣.....#
######.########
.........o.o.#
######.o###o.#
#..##..§......
#..#..o..#####
..........#
#.........##
##.......##


You could see 2 orc priests and an orc wizard.

Vanquished Creatures
  5 adders (D:2)
  An ooze (D:2)
  A worm (D:2)
  A leopard gecko (D:1)
  3 giant cockroaches
  7 goblins
  7 hobgoblins
  4 jackals (D:2)
  5 kobolds
  6 bats
  3 frilled lizards
  6 rats
49 creatures vanquished.

Notes
Turn   | Place    | Note
-------+----------+-------------------------------------------
     0 | D:1      | Toshax the Merfolk Gladiator began the quest for the Orb.
     0 | D:1      | Reached XP level 1. HP: 16/16 MP: 1/1
    96 | D:1      | Reached XP level 2. HP: 19/22 MP: 2/2
   418 | D:1      | Reached skill level 5 in Polearms
   596 | D:2      | Reached skill level 1 in Stealth
   596 | D:2      | Reached XP level 3. HP: 28/28 MP: 3/3
   656 | D:2      | Found a sparkling altar of Nemelex Xobeh.
   719 | D:2      | Found a hide-covered altar of Uskayaw.
   753 | D:2      | Found a blossoming altar of Fedhas.
   845 | D:2      | Found a stormy altar of Qazlal.
  1359 | D:2      | Reached XP level 4. HP: 22/34 MP: 4/4
  1853 | D:2      | Killed from afar by an orc priest

Vault maps used:
D:1:      giann_horns, minmay_split_cup_small
D:2:      grunt_temple_overflow_forces_of_nature, overflow_temple_1_default,
          lemuel_crystal_altar, first_ration

Skill      XL: |  1  2  3  4 |
---------------+-------------+-----
Polearms       | 5 |  5.8
Stealth        | 1 |  1.5
Fighting       | 3 |  3.0
Throwing       | |  2.6
Dodging        | |  4.6

Action                   |  1- 3 |  4- 6 || total
-------------------------+-------+-------++-------
Melee: Trident           |    14 |       ||    14
       Dagger            |    92 |    74 ||   166
Throw: Stone             |     4 |       ||     4
  Use: Potion            |       |     2 ||     2
 Stab: Sleeping          |       |     1 ||     1
  Eat: Chunk             |     1 |     2 ||     3
Armor: Leather armour    |    34 |    14 ||    48
       Skin              |       |    16 ||    16
Dodge: Dodged            |    79 |    48 ||   127

Table legend:
 A = Non-vault XP
 B = Vault XP
 C = Vault XP percentage of total XP
 D = Non-vault monster count
 E = Vault monster count
 F = Vault count percentage of total count
                 A         B        C        D         E       F
            +---------+---------+-------+---------+---------+-------
      Total |     141 |       6 |   4.1 |      46 |       3 |   6.1
            +---------+---------+-------+---------+---------+-------
        D:1 |      26 |       6 |  18.8 |      18 |       3 |  14.3
        D:2 |     115 |       0 |   0.0 |      28 |       0 |   0.0
            +---------+---------+-------+---------+---------+-------
